 Dungeon Crawl Stone Soup version 0.17.1-3-g152610e (webtiles) character file.

309405 Peloso the Hoplite (level 20, -10/189 HPs)
             Began as a Minotaur Fighter on Feb 27, 2016.
             Was a High Priest of Okawaru.
             Mangled by a large abomination (19 damage)
             ... on level 5 of the Abyss.
             The game lasted 03:09:30 (54878 turns).

Peloso the Hoplite (Minotaur Fighter)              Turns: 54878, Time: 03:09:31

Health: -10/189    AC: 43    Str: 28    XL:     20   Next: 37%
Magic:  21/21      EV: 10    Int:  8    God:    Okawaru [*****.]
Gold:   3538       SH:  0    Dex: 16    Spells: 0 memorised, 19 levels left

rFire  x . .     SeeInvis +     M - +11 long sword of Pride {slice, +Fly}
rCold  . . .     Clarity  .     v - +2 crystal plate armour
rNeg   . . .     SustAt   .     U - +2 large shield {AC+3}
rPois  +         Gourm    .     P - +1 hat {Int+3}
rElec  +         Spirit   .     s - +0 cloak "Yxkesaw" {rPois rF- MR+}
rCorr  .         Warding  .     y - +3 pair of gauntlets of War {Slay+5}
rMut   .         Stasis   .     D - +1 pair of boots {Fly}
MR     ++...                    O - amulet of faith
Stlth  ..........               w - ring "Plog" {rElec rPois Stlth-}
                                R - ring of Satyriasis {*Confuse AC+2 Dex+4 SInv}

@: confused, flying, very resistant to hostile enchantments, extremely
unstealthy
A: retaliatory headbutt, horns 2, talons 1, spit poison 1, subdued magic 1
a: Spit Poison, Heroism, Finesse, Renounce Religion, Stop Flying
}: 2/15 runes: serpentine, barnacled


You were on level 5 of the Abyss.
You worshipped Okawaru.
Okawaru was extremely pleased with you.
You were not hungry.

You visited 7 branches of the dungeon, and saw 39 of its levels.
You visited the Abyss 1 time.
You also visited: Labyrinth, Bailey and Ice Cave.

You collected 4583 gold pieces.
You spent 1045 gold pieces at shops.

Inventory:

Hand Weapons
 G - a +1 double sword of flaming
 H - the +8 scimitar of Cuji Soi {freeze, +Blink rN+}
   (Okawaru gifted it to you on level 1 of the Elven Halls)

   It has been specially enchanted to freeze those struck by it, causing extra
   injury to most foes and up to half again as much damage against particularly
   susceptible opponents.
   It can also slow down cold-blooded creatures.
   It protects you from negative energy.
   It lets you blink.
 J - the +7 scimitar of Meum {slice, rN+ Int+3 Dex+2}
   (Okawaru gifted it to you on level 3 of the Shoals)

   It inflicts extra damage upon your enemies.
   It affects your intelligence (+3).
   It affects your dexterity (+2).
   It protects you from negative energy.
 M - the +11 long sword of Pride (weapon) {slice, +Fly}
   (You found it in a bailey)

   It inflicts extra damage upon your enemies.
   It lets you fly.
Armour
 s - the +0 cloak "Yxkesaw" (worn) {rPois rF- MR+}
   (You bought it in a shop on level 2 of the Shoals)

   It makes you vulnerable to fire.
   It protects you from poison.
   It affects your resistance to hostile enchantments.
 v - a +2 crystal plate armour (worn)
 y - the +3 pair of gauntlets of War (worn) {Slay+5}
   (You acquired it on level 4 of the Snake Pit)

   It affects your accuracy and damage with ranged weapons and melee attacks
   (+5).
 D - a +1 pair of boots of flying (worn)
 P - a +1 hat of intelligence (worn)
 Q - a +1 cloak of poison resistance
 T - a +2 cloak
 U - a +2 large shield of protection (worn)
Jewellery
 c - an uncursed ring of protection from fire
 n - an uncursed ring of positive energy
 q - a +5 ring of strength
 w - the ring "Plog" (right hand) {rElec rPois Stlth-}
   (You found it on level 4 of the Dungeon)

   [ring of loudness]

   It insulates you from electricity.
   It protects you from poison.
   It makes you less stealthy.
 z - an uncursed amulet of stasis
 C - a +6 ring of dexterity
 F - a +3 ring of dexterity
 K - an uncursed ring of protection from magic
 O - an amulet of faith (around neck)
 R - the ring of Satyriasis (left hand) {*Confuse AC+2 Dex+4 SInv}
   (You found it on level 4 of the Shoals)

   [ring of protection]

   It affects your AC (+2).
   It affects your dexterity (+4).
   It lets you see invisible.
   It may confuse you when you take damage.
Wands
 h - a wand of digging (21)
 j - a wand of disintegration (14)
 S - a wand of digging (13)
 V - a wand of teleportation (4)
Scrolls
 a - 4 scrolls of enchant weapon
 b - a scroll of holy word
 d - 10 scrolls of remove curse
 l - 2 scrolls of magic mapping
 m - 9 scrolls of identify
 o - 4 scrolls of recharging
 p - 4 scrolls of fear
 u - 4 scrolls of blinking
 B - 9 scrolls of teleportation
 E - 2 scrolls of summoning
 X - 5 scrolls of fog
Potions
 g - 10 potions of curing
 k - 2 potions of magic
 r - 4 potions of agility
 x - 3 potions of invisibility
 A - 5 potions of heal wounds
 L - 5 potions of might
 N - 2 potions of brilliance
 Y - 2 potions of berserk rage
Comestibles
 e - 12 bread rations
 f - 3 royal jellies
 i - 20 meat rations
 t - 3 slices of pizza
 I - 2 beef jerkies


   Skills:
 + Level 18.3 Fighting
 + Level 22.1 Long Blades
 + Level 18.1 Armour
 + Level 6.4 Dodging
 + Level 1.5 Stealth
 + Level 23.7 Shields
 + Level 3.8 Invocations
 + Level 0.3 Evocations


You had 19 spell levels left.
You didn't know any spells.

Dungeon Overview and Level Annotations

Branches:
Dungeon (15/15)            Temple (1/1) D:4            Lair (8/8) D:9
 Shoals (4/4) Lair:6        Snake (4/4) Lair:6        Slime (0/6) Lair:8
    Orc (4/4) D:9             Elf (3/3) Orc:4        Vaults (0/5) D:14
 Depths (0/5) D:15

Altars:
Ashenzari
Cheibriados
Dithmenos
Elyvilon
Fedhas
Gozag
Kikubaaqudgha
Makhleb
Nemelex Xobeh
Okawaru
Qazlal
Ru
Sif Muna
Trog
Vehumet
Xom
Yredelemnul
Zin
The Shining One
Jiyva

Shops:
D:4 *   Orc:2 *   Orc:4 [:*!   Shoals:2 *   Shoals:4 *   Snake:1 !

Portals:
Pandemonium: Orc:4
Trove: D:13 (give 10 potions of heal wounds)


Innate Abilities, Weirdness & Mutations

You reflexively headbutt those who attack you in melee.
You have a pair of horns on your head.
You have sharp toenails.
You can spit weak poison.
Your spells are a little easier to cast, but a little less powerful.


Message History

The large abomination hits you!
* * * LOW HITPOINT WARNING * * *
Unknown command.
You slash the large abomination!
The large abomination is severely damaged.
The starcursed mass shrieks in your mind.
* * * LOW HITPOINT WARNING * * *
Unknown command.
You bump into the stone wall.
The large abomination closely misses you.
The starcursed mass shrieks in your mind.
* * * LOW HITPOINT WARNING * * *
Unknown command.
You slash the large abomination!
Your headbutt misses the large abomination.
The large abomination is almost destroyed.
The starcursed mass shrieks in your mind.
* * * LOW HITPOINT WARNING * * *
The large abomination hits you!!
You die...

. # . #..#.#.
. .# #. .. #
..# ### .#.#
#...##... #.
... # ........
#.##....# ...
# #. . #....
.## .. .#
..##...###.#
#. ##
X##.....# #..
.#**#.#.#...#
. . .##w
w.###@#.#
..... ...#XX#
. ... ..
..#X..# ..
......#..#
..###
##....#?... .
#.#.##.#[#..#.
....##.#.#....
....# #..
...#.ยง ...#
#. .....


You could see a starcursed mass, a tentacled starspawn and a large abomination.

Vanquished Creatures
  Asterion (Elf:1)
  2 deep elf blademasters
  A deep elf master archer (Elf:3)
  Gastronok (Lair:2)
  5 tentacled starspawn
  Agnes (D:15)
  Kirke (Shoals:1)
  Roxanne (Snake:3)
  Ilsuiw (Shoals:4)
  9 deep elf sorcerers
  6 greater nagas
  Donald (Orc:4)
  A cacodemon (Abyss:1)
  Aizul (Elf:2)
  Louise (Snake:1)
  4 deep elf demonologists
  5 deep elf annihilators
  6 dire elephants (Lair:8)
  The ghost of KrozogBurug the Basher, a journeyman OgWz of Vehumet (D:12)
  A green death (Abyss:5)
  An ettin (D:15)
  4 crystal guardians (Elf:3)
  Snorg (Orc:2)
  7 merfolk javelineers
  2 deep elf death magi (Elf:3)
  A vault guard (D:14)
  5 deep elf high priests
  7 merfolk impalers
  A minotaur (Lab)
  9 hydras
  A rakshasa (Abyss:3)
  Harold (D:12)
  13 naga warriors
  13 anacondas
  3 merfolk aquamancers (Shoals:4)
  3 merfolk avatars
  Erica (D:8)
  3 alligator snapping turtles
  13 dancing weapons (Elf:2)
  5 centaur warriors
  A catoblepas (Lair:5)
  6 death yaks (Lair:7)
  A satyr (Shoals:3)
  2 ogre magi
  7 thrashing horrors
  9 shock serpents
  A tengu warrior (D:13)
  A sun demon (Orc:4)
  12 naga sharpshooters
  A hell hog (Abyss:1)
  8 orc high priests
  Sonja (Orc:3)
  4 wretched stars (Abyss:1)
  8 sea snakes
  2 ice devils (IceCv)
  4 salamander mystics
  The ghost of trgk the Spear-Bearer, a novice MfSk (D:6)
  7 naga ritualists
  A flayed ghost (Abyss:4)
  13 large abominations
  2 unseen horrors
  A giant orange brain (Abyss:1)
  A deep troll (D:15)
  8 small abominations
  An unseen horror (shapeshifter) (Abyss:1)
  23 deep elf knights
  A fire crab (Lair:8)
  4 orc knights (Orc:4)
  12 deep elf summoners
  A torturous demonspawn (Orc:4)
  A gelid demonspawn (Orc:4)
  An infernal demonspawn (Orc:4)
  A wizard (D:14)
  14 mana vipers
  8 hill giants
  15 harpies
  The ghost of Sargon the Basher, a novice MiFi (D:7)
  6 orc sorcerers
  11 griffons
  A shining eye (shapeshifter) (Elf:2)
  11 deep elf conjurers
  5 cyclopes
  8 manticores
  14 elephants
  A sixfirhy (Abyss:1)
  5 fauns (Shoals:3)
  2 guardian serpents
  11 salamanders
  40 black mambas
  4 water nymphs
  2 gargoyles
  6 ugly things (D:15)
  12 spiny frogs
  A guardian serpent (shapeshifter) (Elf:3)
  A worldbinder (Abyss:1)
  2 cyclopes (shapeshifter)
  24 naga magi
  2 ice statues (IceCv)
  12 sirens
  A rust devil (Orc:4)
  An orange demon (Orc:4)
  Psyche (D:8)
  2 centaur skeletons
  2 kobold demonologists (D:15)
  6 smoke demons
  7 komodo dragons
  A red devil (Orc:4)
  2 ancient zymes
  A hellwing (Orc:4)
  4 trolls
  A demonic crawler (Abyss:5)
  2 fire drakes
  27 merfolk
  A tengu conjurer (D:13)
  3 yaktaurs
  5 two-headed ogres
  12 deep elf priests
  17 snapping turtles
  5 wind drakes
  A polar bear (shapeshifter) (Elf:3)
  3 raiju
  Prince Ribbit (D:7)
  15 blink frogs
  A minotaur skeleton (Lab)
  2 wind drakes (shapeshifter)
  An ettin zombie (Abyss:1)
  4 slime creatures (D:12)
  5 blue devils (IceCv)
  2 shadows (Lab)
  A flying skull (Abyss:3)
  A trapdoor spider (D:14)
  18 starcursed masses
  4 wyverns
  4 ynoxinuls
  20 humans (D:14)
  3 water elementals
  34 deep elf fighters
  29 deep elf magi
  32 yaks
  3 hogs (Shoals:1)
  A golden eye (shapeshifter) (Elf:3)
  67 nagas
  3 basilisks
  4 mottled dragons
  2 chaos spawn
  2 wargs
  A steam dragon (D:13)
  3 hungry ghosts
  13 wolves
  A neqoxec (Abyss:1)
  A soldier ant (D:11)
  37 orc warriors
  9 hippogriffs
  2 eyes of draining
  16 water moccasins
  12 porcupines
  10 phantoms
  7 sky beasts
  6 ice beasts
  A hornet simulacrum (D:14)
  18 ogres
  3 black bears
  18 crocodiles
  12 centaurs
  The ghost of Sargon the Grave Robber, an amateur DENe (D:3)
  20 giant frogs
  4 big kobolds
  8 gnoll sergeants (Bailey)
  5 scorpions
  15 killer bees
  5 electric eels
  14 crimson imps
  5 hounds
  27 orc priests
  6 gnoll shamans (Bailey)
  2 giant frog zombies (D:12)
  An iron imp (Abyss:3)
  3 centaur zombies
  3 jellies
  25 orc wizards
  2 giant frog skeletons
  23 worker ants
  7 iguanas
  25 sheep
  2 hound skeletons
  4 worker ant zombies
  18 gnolls
  19 adders
  45 river rats
  6 shadow imps
  8 white imps
  9 ufetubi
  An ooze (D:3)
  2 adder zombies
  4 worms
  12 giant geckos
  139 orcs
  3 bats (D:2)
  12 hobgoblins
  3 jackals
  10 quokkas
  A ball python (D:3)
  4 giant cockroaches
  5 giant newts
  7 goblins
  22 kobolds
  A quokka zombie (D:7)
  5 rats
  A crawling corpse (Elf:2)
  11 plants
  2 starspawn tentacles (Abyss:1)
1601 creatures vanquished.

Vanquished Creatures (others)
  A naga mage (Snake:4)
  A river rat (Lair:5)
  5 ufetubi
  A quokka (D:8)
  A fulminant prism (D:12)
  7 fungi
  A lurking horror (Abyss:3)
  12 plants
  13 starspawn tentacles
  66 starspawn tentacle segments
108 creatures vanquished.

Grand Total: 1709 creatures vanquished

Notes
Turn   | Place    | Note
--------------------------------------------------------------
     0 | D:1      | Peloso the Minotaur Fighter began the quest for the Orb.
     0 | D:1      | Reached XP level 1. HP: 19/19 MP: 0/0
    89 | D:1      | Reached XP level 2. HP: 22/27 MP: 1/1
   376 | D:2      | Reached skill level 4 in Shields
   461 | D:2      | Reached XP level 3. HP: 30/33 MP: 2/2
   490 | D:2      | Found a glowing silver altar of Zin.
   706 | D:2      | Reached skill level 1 in Dodging
   986 | D:2      | Reached XP level 4. HP: 30/41 MP: 3/3
  1262 | D:3      | Noticed Sargon's ghost (amateur DENe)
  1277 | D:3      | Killed Sargon's ghost
  1277 | D:3      | Reached XP level 5. HP: 33/47 MP: 4/4
  1471 | D:3      | Reached skill level 5 in Armour
  1506 | D:3      | Reached skill level 5 in Shields
  1904 | D:4      | Found Tablojy's Assorted Antiques.
  2051 | D:4      | Got a transparent copper ring
  2073 | D:4      | Found a sparkling altar of Nemelex Xobeh.
  2159 | D:4      | Found a staircase to the Ecumenical Temple.
  2168 | Temple   | Entered the Ecumenical Temple
  2342 | D:4      | Reached XP level 6. HP: 33/53 MP: 5/5
  2542 | D:4      | Found a shadowy altar of Dithmenos.
  2547 | D:4      | Found a basalt altar of Yredelemnul.
  2570 | D:4      | Found an iron altar of Okawaru.
  2573 | D:4      | Became a worshipper of Warmaster Okawaru
  2773 | D:4      | Found a glowing golden altar of the Shining One.
  2833 | D:5      | Entered Level 5 of the Dungeon
  3224 | D:5      | Reached skill level 5 in Fighting
  3224 | D:5      | Reached skill level 6 in Armour
  3228 | D:5      | Reached XP level 7. HP: 28/61 MP: 6/6
  3720 | D:5      | Reached * piety under Okawaru
  3802 | D:5      | Reached skill level 5 in Long Blades
  3820 | D:5      | Identified the ring "Plog" {rElec rPois Stlth-} (You found it on level 4 of the Dungeon)
  4416 | D:6      | Reached XP level 8. HP: 54/69 MP: 7/7
  4482 | D:6      | Noticed trgk's ghost (novice MfSk)
  4500 | D:6      | Killed trgk's ghost
  4500 | D:6      | Reached ** piety under Okawaru
  4500 | D:6      | Reached skill level 7 in Armour
  4505 | D:6      | Reached skill level 5 in Dodging
  4679 | D:6      | Got an iridescent trident
  4680 | D:6      | Identified the +7 trident "Muumaoth" {venom, rPois rC+ Str+4} (You found it on level 6 of the Dungeon)
  5092 | D:7      | Reached XP level 9. HP: 36/78 MP: 8/8
  5201 | D:7      | Found a flagged portal.
  5211 | D:7      | Reached skill level 8 in Shields
  5318 | Bailey   | Entered a bailey
  5740 | Bailey   | Reached skill level 1 in Invocations
  5935 | Bailey   | Identified Roxanne's Tome of Earthen Transformation
  6008 | Bailey   | Reached skill level 9 in Shields
  6164 | Bailey   | Got a jewelled long sword
  6165 | Bailey   | Identified the +11 long sword of Pride {slice, +Fly} (You found it in a bailey)
  6308 | D:7      | Reached *** piety under Okawaru
  6450 | D:7      | Noticed Sargon's ghost (novice MiFi)
  6452 | D:7      | Noticed Prince Ribbit
  6464 | D:7      | Killed Sargon's ghost
  6479 | D:7      | Killed Prince Ribbit
  6479 | D:7      | Reached skill level 10 in Shields
  7069 | D:7      | Reached XP level 10. HP: 78/86 MP: 10/10
  7108 | D:8      | Noticed Psyche
  7115 | D:8      | Killed Psyche
  7115 | D:8      | Reached **** piety under Okawaru
  7205 | D:8      | Killed an unseen horror
  7356 | D:8      | Noticed Erica
  7357 | D:8      | Found an ancient bone altar of Kikubaaqudgha.
  7362 | D:8      | Found a shimmering altar of Xom.
  7386 | D:8      | Killed Erica
  7386 | D:8      | Reached ***** piety under Okawaru
  7386 | D:8      | Reached skill level 11 in Shields
  7929 | D:8      | Found a blossoming altar of Fedhas.
  8498 | D:9      | Found a staircase to the Orcish Mines.
  8772 | D:9      | Reached XP level 11. HP: 62/95 MP: 11/11
  8776 | D:9      | Found a staircase to the Lair.
  8973 | D:10     | Entered Level 10 of the Dungeon
  8973 | D:10     | Noticed a centaur warrior
  8990 | D:10     | Killed a centaur warrior
  8990 | D:10     | Reached skill level 12 in Shields
  9012 | D:10     | Reached skill level 10 in Long Blades
  9016 | D:10     | Reached skill level 10 in Armour
  9027 | D:10     | Reached ****** piety under Okawaru
  9034 | D:10     | Noticed a hill giant
  9041 | D:10     | Killed a hill giant
  9069 | D:10     | Noticed a hill giant
  9083 | D:10     | Killed a hill giant
  9100 | D:10     | Received a gift from Okawaru
  9953 | D:11     | Reached skill level 13 in Shields
 10470 | D:12     | Received a gift from Okawaru
 10560 | D:12     | Reached skill level 10 in Fighting
 10618 | D:12     | Noticed KrozogBurug's ghost (journeyman OgWz)
 10639 | D:12     | Killed KrozogBurug's ghost
 10653 | D:12     | Reached XP level 12. HP: 36/106 MP: 12/12
 10985 | D:12     | Identified a scroll of acquirement
 11066 | D:12     | Noticed Harold
 11095 | D:12     | Killed Harold
 11639 | D:12     | Received a gift from Okawaru
 12553 | D:13     | Found a portal to a secret trove of treasure.
 12632 | D:13     | Found a labyrinth entrance.
 12675 | Lab      | Entered a labyrinth
 13535 | Lab      | Noticed a minotaur
 13557 | Lab      | Killed a minotaur
 13557 | Lab      | Reached skill level 14 in Shields
 13939 | D:13     | Noticed a centaur warrior
 13947 | D:13     | Killed a centaur warrior
 13947 | D:13     | Received a gift from Okawaru
 14037 | D:13     | Noticed an ogre mage
 14045 | D:13     | Killed an ogre mage
 14396 | D:13     | Received a gift from Okawaru
 14819 | D:13     | Gained mutation: You can spit weak poison. [potion of beneficial mutation]
 15036 | Orc:1    | Entered Level 1 of the Orcish Mines
 15400 | Orc:2    | Noticed Snorg
 15408 | Orc:2    | Killed Snorg
 15408 | Orc:2    | Reached XP level 13. HP: 113/116 MP: 13/13
 15631 | Orc:3    | Found an iron altar of Okawaru.
 15660 | Orc:3    | Noticed Sonja
 15816 | Orc:3    | Killed Sonja
 15848 | Orc:3    | Found a shimmering altar of Xom.
 16107 | Orc:4    | Entered Level 4 of the Orcish Mines
 16208 | Orc:4    | Found a staircase to the Elven Halls.
 16384 | Orc:4    | Noticed Donald
 16404 | Orc:4    | Killed Donald
 16570 | Orc:4    | Found Icre's Distillery.
 16577 | Orc:4    | Found Plog's General Store.
 16949 | Orc:4    | Reached skill level 15 in Shields
 17010 | Orc:4    | Bought a potion of heal wounds for 75 gold pieces
 17010 | Orc:4    | Bought a potion of heal wounds for 75 gold pieces
 17010 | Orc:4    | Bought a potion of heal wounds for 75 gold pieces
 17267 | Orc:4    | Received a gift from Okawaru
 17784 | Orc:4    | Found Qadatudd's Antique Armour Shop.
 17784 | Orc:4    | Found Buer Sufry's Book Boutique.
 17785 | Orc:4    | Found a one-way gate leading to the halls of Pandemonium.
 18454 | Orc:2    | Found Mumeoret's Assorted Antiques.
 18465 | Orc:2    | Found a burning altar of Makhleb.
 18492 | Orc:2    | Bought a dented blue amulet for 140 gold pieces
 19108 | D:14     | Noticed a four-headed hydra
 19121 | D:14     | Killed a one-headed hydra
 19121 | D:14     | Reached XP level 14. HP: 123/127 MP: 15/15
 19196 | D:14     | Reached skill level 16 in Shields
 19223 | D:14     | Found a gate to the Vaults.
 19240 | D:14     | Received a gift from Okawaru
 19687 | D:14     | Reached skill level 15 in Long Blades
 20034 | Lair:1   | Entered Level 1 of the Lair of Beasts
 21150 | Lair:2   | Noticed Gastronok
 21159 | Lair:2   | Killed Gastronok
 21436 | Lair:3   | Found a frozen archway.
 21448 | IceCv    | Entered an ice cave
 21855 | IceCv    | Received a gift from Okawaru
 23893 | Lair:5   | Reached skill level 17 in Shields
 24901 | Lair:6   | Found a staircase to the Shoals.
 24914 | Shoals:1 | Entered Level 1 of the Shoals
 24983 | Shoals:1 | Received a gift from Okawaru
 25004 | Shoals:1 | Reached XP level 15. HP: 54/136 MP: 16/16
 25812 | Shoals:1 | Noticed Kirke
 25844 | Shoals:1 | Killed Kirke
 25844 | Shoals:1 | Received a gift from Okawaru
 26118 | Lair:6   | Found a staircase to the Snake Pit.
 26466 | Lair:7   | Reached skill level 18 in Shields
 27570 | Lair:8   | Entered Level 8 of the Lair of Beasts
 28006 | Lair:8   | Received a gift from Okawaru
 28009 | Lair:8   | Got a scorched scale mail {god gift}
 28020 | Lair:8   | Identified the +1 scale mail "Pyoxoazo" {rN+} (Okawaru gifted it to you on level 8 of the Lair of Beasts)
 28460 | Lair:8   | Reached skill level 1 in Stealth
 28708 | Lair:8   | Reached XP level 16. HP: 136/147 MP: 17/17
 28809 | Lair:8   | Found a viscous altar of Jiyva.
 28809 | Lair:8   | Found a staircase to the Slime Pits.
 30259 | D:15     | Entered Level 15 of the Dungeon
 31189 | D:15     | Noticed Agnes
 31204 | D:15     | Killed Agnes
 31204 | D:15     | Received a gift from Okawaru
 31204 | D:15     | Reached skill level 19 in Shields
 31349 | D:15     | Found a staircase to the Depths.
 31643 | D:15     | Reached skill level 15 in Armour
 31934 | Snake:1  | Entered Level 1 of the Snake Pit
 32061 | Snake:1  | Reached skill level 15 in Fighting
 32098 | Snake:1  | Noticed Louise
 32122 | Snake:1  | Killed Louise
 32210 | Snake:1  | Received a gift from Okawaru
 32214 | Snake:1  | Got a crystal scimitar {god gift}
 32215 | Snake:1  | Identified the +4 scimitar of Okawaru's Esteem {elec, +Inv} (Okawaru gifted it to you on level 1 of the Snake Pit)
 33059 | Snake:1  | Received a gift from Okawaru
 33062 | Snake:1  | Got a translucent scale mail {god gift}
 33430 | Snake:1  | Identified the +1 scale mail of Zagharaq {rC++} (Okawaru gifted it to you on level 1 of the Snake Pit)
 33807 | Snake:1  | Found Ycunneat's Distillery.
 33817 | Snake:1  | Bought a potion of heal wounds for 70 gold pieces
 34140 | Snake:2  | Received a gift from Okawaru
 34140 | Snake:2  | Reached XP level 17. HP: 99/156 MP: 18/18
 34212 | Snake:2  | Received a gift from Okawaru
 34707 | Snake:3  | Noticed Roxanne
 34740 | Snake:3  | Killed Roxanne
 34740 | Snake:3  | Reached skill level 20 in Shields
 35814 | Snake:3  | Received a gift from Okawaru
 36809 | Snake:4  | Entered Level 4 of the Snake Pit
 38062 | Snake:4  | Received a gift from Okawaru
 39246 | Snake:4  | Reached skill level 21 in Shields
 39446 | Snake:4  | Reached XP level 18. HP: 144/166 MP: 19/19
 39650 | Snake:4  | Got a serpentine rune of Zot
 40859 | D:4      | Bought 2 potions of heal wounds for 240 gold pieces
 41170 | D:7      | You are sucked into a shaft for 2 floors!
 41809 | Shoals:2 | Found Heaskani's Assorted Antiques.
 41815 | Shoals:2 | Bought a spiked cloak for 370 gold pieces
 41825 | Shoals:2 | Identified the cursed +0 cloak "Yxkesaw" {rPois rF- MR+} (You bought it in a shop on level 2 of the Shoals)
 42669 | Shoals:3 | Received a gift from Okawaru
 42903 | Shoals:3 | Received a gift from Okawaru
 42913 | Shoals:3 | Got a crude scimitar {god gift}
 42914 | Shoals:3 | Identified the +7 scimitar of Meum {slice, rN+ Int+3 Dex+2} (Okawaru gifted it to you on level 3 of the Shoals)
 44174 | Shoals:4 | Entered Level 4 of the Shoals
 44380 | Shoals:4 | Got a barnacled rune of Zot
 44614 | Shoals:4 | Received a gift from Okawaru
 44619 | Shoals:4 | Noticed Ilsuiw
 44644 | Shoals:4 | HP: 8/168 [drowned by a water elemental[Ilsuiw] (8)]
 44656 | Shoals:4 | HP: 7/168 [something (8)]
 44656 | Shoals:4 | HP: 3/168 [something (4)]
 44661 | Shoals:4 | HP: 8/168 [drowned by a water elemental[Ilsuiw] (4)]
 44693 | Shoals:4 | Killed Ilsuiw
 46159 | Shoals:4 | Found Manihal's General Store.
 46219 | Shoals:4 | Got a heavily runed jade ring
 46221 | Shoals:4 | Identified the ring of Satyriasis {*Confuse AC+2 Dex+4 SInv} (You found it on level 4 of the Shoals)
 46826 | Elf:1    | Entered Level 1 of the Elven Halls
 47035 | Elf:1    | Received a gift from Okawaru
 47067 | Elf:1    | Got a smoking scimitar {god gift}
 47265 | Elf:1    | Identified the +8 scimitar of Cuji Soi {freeze, +Blink rN+} (Okawaru gifted it to you on level 1 of the Elven Halls)
 47327 | Elf:1    | Reached skill level 22 in Shields
 47543 | Elf:1    | Reached XP level 19. HP: 56/177 MP: 20/20
 47823 | Elf:1    | Got a brightly glowing large shield
 47842 | Elf:1    | Identified the cursed -2 large shield "Pueppugoocs" {+Fly} (You took it off a deep elf demonologist on level 1 of the Elven Halls)
 48122 | Elf:1    | Noticed Asterion
 48154 | Elf:1    | Killed Asterion
 49019 | Elf:2    | Gained mutation: Your spells are a little easier to cast, but a little less powerful. [a shining eye]
 49153 | Elf:2    | Gained mutation: You have sharp toenails. [a neqoxec]
 49526 | Elf:2    | Received a gift from Okawaru
 49578 | Elf:2    | Found a runed gate.
 49578 | Elf:2    | Found a runed gate.
 49578 | Elf:2    | Noticed Aizul
 49579 | Elf:2    | Found a runed gate.
 49595 | Elf:2    | Killed Aizul
 50737 | Elf:3    | Entered Level 3 of the Elven Halls
 52292 | Elf:3    | Reached skill level 23 in Shields
 52505 | Elf:3    | Received a gift from Okawaru
 53622 | Elf:3    | Cast into the Abyss (a deep elf sorcerer)
 53622 | Abyss:1  | Found a corrupted altar of Lugonu.
 53731 | Abyss:1  | Reached XP level 20. HP: 187/187 MP: 21/21
 54478 | Abyss:3  | Found a corrupted altar of Lugonu.
 54504 | Abyss:3  | Found a corrupted altar of Lugonu.
 54752 | Abyss:4  | Paralysed by accursed screaming for 1 turns
 54780 | Abyss:4  | Received a gift from Okawaru
 54806 | Abyss:5  | Entered Level 5 of the Abyss
 54878 | Abyss:5  | HP: 9/189 [starcursed mass/accursed screaming (7)]
 54878 | Abyss:5  | Mangled by a large abomination

Action                   |  1- 3 |  4- 6 |  7- 9 | 10-12 | 13-15 | 16-18 | 19-21 || total
-------------------------+-------+-------+-------+-------+-------+-------+-------++-------
Melee: Long sword        |    96 |   131 |   461 |   676 |  1522 |  1214 |   505 ||  4605
       Scimitar          |       |       |       |       |    43 |   503 |   248 ||   794
Invok: Heroism           |       |       |     4 |     2 |     8 |     4 |     6 ||    24
Evoke: Wand              |       |       |       |       |       |     4 |     3 ||     7
  Use: Potion            |       |     2 |     1 |     2 |     1 |    11 |     2 ||    19
       Scroll            |       |       |     9 |    25 |    10 |    11 |     7 ||    62
 Stab: Petrifying        |       |       |       |       |       |       |     1 ||     1
  Eat: Chunk             |       |     6 |    12 |    21 |    38 |    40 |    21 ||   138
       Beef jerky        |       |     1 |       |       |       |     2 |       ||     3
       Fruit             |       |       |     1 |     4 |     6 |    16 |     4 ||    31
       Pizza             |       |       |       |     2 |     1 |     3 |     2 ||     8
